AoeStats
← No Atro

Arena

505917787Analyzed
4v4 RM · 20d ago on Sep 11, 2026· 41m 29s· 8 players
Game mode
Random Map
Map size
Large (8 player)
Population
200
Speed
Normal
Resources
Standard
Victory
Conquest
Starting age
Dark Age
Ending age
Imperial Age
RankedLock teamsTeams togetherTeam positionsShared explorationLock speedFull tech treeHidden civsTurbo modeCheats
Victory
Defeat
🇬🇧 Mongols · United Kingdom
1173
+14
🇬🇧 Cumans · United Kingdom
1107
+16
🇷🇺 Huns · Russia
1095
+17
🇪🇸 Poles · Spain
1091
+17
🇵🇱 Aztecs · Poland
1148
-17
🇨🇦 Chinese · Canada
1135
-17
🇮🇳 Japanese · India
1094
-15
🇨🇦 Khmer · Canada
1092
-15
founderr
11:00 Feudal Age
12:36 Double-Bit Axe
12:59 Horse Collar
15:36 Castle Age
16:40 Wheelbarrow
15:51 Loom
18:03 Bow Saw
18:23 Heavy Plow
22:18 Gold Mining
24:23 Town Watch
24:44 Stone Mining
30:47 Imperial Age
29:51 Gold Shaft Mining
30:13 Scale Barding Armor
30:10 Marauders
30:37 Husbandry
30:47 Bloodlines
31:25 Caravan
31:48 Chain Barding Armor
31:39 Forging
31:19 Cavalier
32:05 Scale Mail Armor
32:39 Paladin
32:47 Paladin
34:20 Plate Barding Armor
34:38 Iron Casting
34:42 Elite Tarkan
35:34 Light Cavalry
36:31 Thumb Ring
37:21 Conscription
38:52 Parthian Tactics
38:34 Heavy Cavalry Archer
39:01 Elite Skirmisher
41:51 Blast Furnace
41:07 Chain Mail Armor
Note1984
11:30 Feudal Age
12:25 Double-Bit Axe
16:01 Castle Age
14:05 Horse Collar
15:35 Forging
17:09 Heavy Plow
17:21 Bow Saw
18:57 Fervor
18:40 Gold Mining
21:55 Iron Casting
22:25 Wheelbarrow
21:36 Loom
22:53 Scale Barding Armor
22:41 Stone Mining
24:24 Hand Cart
25:38 Town Watch
28:03 Stone Shaft Mining
31:02 Imperial Age
28:59 Husbandry
29:11 Bloodlines
29:49 Szlachta Privileges
30:22 Chain Barding Armor
30:21 Fletching
31:27 Ballistics
31:03 Murder Holes
31:09 Cavalier
32:11 Conscription
33:05 Crop Rotation
33:39 Blast Furnace
35:12 Bodkin Arrow
35:17 Scale Mail Armor
36:20 Chemistry
35:00 Treadmill Crane
37:04 Masonry
36:48 Elite Obuch
38:04 Chain Mail Armor
37:57 Siege Engineers
40:11 Plate Mail Armor
39:41 Bracer
39:57 Fortified Wall
40:02 Arson
BlueFacedBooby
10:02 Feudal Age
10:41 Double-Bit Axe
10:38 Horse Collar
11:36 Wheelbarrow
10:47 Loom
18:43 Loom
20:59 Castle Age
19:09 Gold Mining
19:15 Man-at-Arms
19:41 Arson
19:59 Scale Mail Armor
22:24 Forging
22:35 Bow Saw
22:42 Heavy Plow
23:04 Squires
23:07 Long Swordsman
27:06 Hand Cart
27:42 Fletching
28:27 Bodkin Arrow
28:47 Chain Mail Armor
28:51 Capped Ram
30:33 Iron Casting
33:00 Town Watch
35:24 Gold Shaft Mining
34:40 Stone Mining
35:30 Town Patrol
39:40 Imperial Age
39:47 Two-Handed Swordsman
41:29 Two-Man Saw
41:05 Crop Rotation
41:09 Plate Mail Armor
41:40 Blast Furnace
40:02 Siege Ram
41:08 Ballistics
41:49 Chemistry
40:44 Murder Holes
41:00 Masonry
wolfiemumu
10:21 Feudal Age
14:24 Castle Age
13:03 Double-Bit Axe
13:01 Horse Collar
17:32 Wheelbarrow
21:02 Bow Saw
21:29 Loom
22:28 Gold Mining
26:52 Imperial Age
25:08 Hand Cart
25:25 Fletching
25:35 Padded Archer Armor
26:05 Heavy Plow
26:47 Bodkin Arrow
27:17 Bloodlines
27:08 Husbandry
27:37 Town Watch
28:37 Bracer
29:36 Gold Shaft Mining
29:42 Light Cavalry
30:40 Siege Engineers
31:36 Chemistry
32:17 Parthian Tactics
32:16 Leather Archer Armor
32:07 Scale Barding Armor
32:51 Thumb Ring
34:18 Ballistics
35:10 Hussar
36:02 Forging
36:13 Chain Barding Armor
36:00 Elite Mangudai
37:40 Iron Casting
38:45 Squires
38:06 Pikeman
39:46 Masonry
39:32 Murder Holes
39:47 Fortified Wall
No Atro
10:11 Feudal Age
13:47 Castle Age
11:43 Double-Bit Axe
12:13 Horse Collar
22:18 Loom
23:19 Forging
25:07 Wheelbarrow
25:46 Scale Barding Armor
26:17 Iron Casting
25:07 Light Cavalry
26:58 Bloodlines
26:53 Husbandry
27:43 Hand Cart
28:18 Chain Barding Armor
31:21 Imperial Age
32:14 Ballistics
31:53 Heavy Scorpion
33:20 Scale Mail Armor
33:26 Pikeman
34:05 Halberdier
34:57 Guard Tower
35:02 Murder Holes
36:06 Chain Mail Armor
40:55 Double Crossbow
mnich_bor
2:54 Loom
12:11 Feudal Age
16:12 Castle Age
24:25 Horse Collar
24:34 Double-Bit Axe
29:21 Imperial Age
27:12 Heavy Plow
27:30 Eagle Warrior
28:33 Fletching
28:43 Padded Archer Armor
29:28 Bodkin Arrow
30:47 Bracer
31:03 Leather Archer Armor
30:31 Elite Skirmisher
32:00 Stone Mining
31:42 Pikeman
32:24 Squires
32:10 Arson
32:37 Forging
32:27 Scale Mail Armor
32:47 Atlatl
32:43 Elite Jaguar Warrior
35:32 Garland Wars
38:11 Chemistry
eward17
0:29 Loom
10:26 Feudal Age
11:47 Double-Bit Axe
14:54 Castle Age
12:58 Horse Collar
15:46 Bow Saw
15:36 Heavy Plow
20:22 Wheelbarrow
21:51 Hand Cart
22:30 Gold Mining
22:30 Stone Mining
24:56 Gold Shaft Mining
25:53 Padded Archer Armor
28:31 Imperial Age
27:11 Leather Archer Armor
26:46 Fletching
28:04 Ballistics
28:20 Bodkin Arrow
28:26 Scale Mail Armor
28:36 Forging
28:15 Pikeman
28:56 Squires
28:42 Arson
29:24 Thumb Ring
29:48 Halberdier
30:32 Bracer
31:03 Ring Archer Armor
30:48 Chain Mail Armor
31:09 Iron Casting
31:35 Bloodlines
31:26 Husbandry
31:51 Elite Fire Lancer
33:39 Chemistry
32:50 Masonry
32:36 Murder Holes
34:03 Fortified Wall
35:06 Two-Man Saw
36:52 Blast Furnace
36:22 Plate Mail Armor
K.T.
1:30 Loom
12:20 Feudal Age
16:59 Castle Age
15:21 Horse Collar
15:57 Stone Mining
16:25 Double-Bit Axe
18:42 Gold Mining
20:38 Wheelbarrow
20:28 Town Watch
25:08 Scale Mail Armor
26:59 Chain Mail Armor
26:54 Forging
33:18 Gold Shaft Mining
35:50 Imperial Age
34:36 Forging
33:49 Pikeman
34:30 Squires
35:38 Heavy Plow
36:21 Halberdier
40:20 Padded Archer Armor
Connection lost

Rejoining the realm…

Still unreachable

The connection could not be restored.

Session expired

The server has moved on; the page needs a fresh start.